 Dungeon Crawl Stone Soup version 0.20.1-1-g8b1a95d (webtiles) character file.

100 vishdafish the Shield-Bearer (level 4, -1/35 HPs)
             Began as a Demonspawn Fighter on July 3, 2017.
             Slain by a gnoll
             ... wielding a +0 club
              (8 damage)
             ... on level 2 of the Dungeon.
             The game lasted 00:02:23 (1930 turns).

vishdafish the Shield-Bearer (Demonspawn Fighter)   Turns: 1930, Time: 00:02:24

Health: -1/35      AC:  8    Str: 17    XL:     4   Next: 46%
Magic:  4/4        EV:  7    Int: 10    God:
Gold:   107        SH:  9    Dex: 12    Spells: 3/3 levels left

rFire    . . .     SeeInvis .   a - +0 trident
rCold    . . .     Gourm    .   c - +0 shield
rNeg     . . .     Faith    .   b - +0 scale mail
rPois    .         Spirit   .   (no helmet)
rElec    .         Reflect  .   (no cloak)
rCorr    .         Harm     .   (no gloves)
MR       .....                  (no boots)
Stlth    ..........             (no amulet)
Regen    0.2/turn               i - ring of loudness (curse)
MPRegen  0.1/turn               (no ring)

@: no status effects
A: slimy green scales 1
a: no special abilities


You were on level 2 of the Dungeon.
You were near starving.

You visited 1 branch of the dungeon, and saw 3 of its levels.

You collected 107 gold pieces.

Inventory:

Hand Weapons
 a - a +0 trident (weapon)
Armour
 b - a +0 scale mail (worn)
 c - a +0 shield (worn)
Jewellery
 i - a cursed ring of loudness (left hand)
Scrolls
 e - 2 scrolls of identify {unknown}
 h - 2 scrolls of remove curse {unknown}
 p - a scroll of fear {unknown}
Potions
 d - a potion of flight {unknown}
 k - a potion of ambrosia {unknown}
 l - a potion of invisibility {unknown}
 m - a potion of curing {unknown}
 n - a potion of might
 o - a potion of mutation {unknown}
Comestibles
 f - 4 bread rations
 g - 4 royal jellies
 j - 4 fruits


   Skills:
 + Level 3.4 Fighting
 + Level 2.9 Polearms
 + Level 3.0 Armour
 + Level 0.6 Dodging
 + Level 3.5 Shields


You had 3 spell levels left.
You didn't know any spells.

Dungeon Overview and Level Annotations

Branches:
Dungeon (3/15)

Altars:


Innate Abilities, Weirdness & Mutations

You are partially covered in slimy green scales. (AC +2)


Message History

The gnoll is moderately wounded.
The gnoll hits you but does no damage.
You barely miss the gnoll.
The gnoll is moderately wounded.
You are near starving!
The gnoll hits you with a club. You block the gnoll's attack.
You hit the gnoll but do no damage.
The gnoll is moderately wounded.
You block the gnoll's attack.
You hit the gnoll.
The gnoll is moderately wounded.
The gnoll hits you but does no damage.
You hit the gnoll but do no damage.
The gnoll is moderately wounded.
The gnoll hits you with a club.
* * * LOW HITPOINT WARNING * * *
You hit the gnoll.
The gnoll is severely wounded.
The gnoll hits you with a club!
You die...

.###### #.#####.#...#
.# #..####.....# .#
##.##.......# ###
#.##.#.#...# ..#
##....#.##### #.#
#...###.###### #.#
#)#..........# #.#
##.#..........#
#.######........@....#
#.........######g#####
#...#..(### #..#
#.#...### ##.# ..###)#
#.## .####.## #..#
..##...#### ##.#
.....#....### #.#
..#######...### #.#


You could see a gnoll.

Vanquished Creatures
  A gnoll (D:3)
  2 adders (D:2)
  2 worms
  4 dart slugs
  2 ball pythons (D:1)
  4 bats (D:1)
  3 giant cockroaches
  8 goblins
  6 hobgoblins
  9 jackals
  4 kobolds
  A quokka (D:2)
  5 frilled lizards
  2 rats
53 creatures vanquished.

Notes
Turn   | Place    | Note
-------+----------+-------------------------------------------
     0 | D:1      | vishdafish the Demonspawn Fighter began the quest for the Orb.
     0 | D:1      | Reached XP level 1. HP: 18/18 MP: 1/1
    39 | D:1      | Gained mutation: You are partially covered in slimy green scales. (AC +2) [demonic ancestry]
    39 | D:1      | Reached XP level 2. HP: 7/24 MP: 2/2
   630 | D:1      | Reached XP level 3. HP: 27/29 MP: 3/3
  1250 | D:2      | Reached XP level 4. HP: 17/35 MP: 4/4
  1930 | D:2      | Slain by a gnoll

Skill      XL: |  1  2  3 |
---------------+----------+-----
Shields        | 3 |  3.5
Polearms       | 2 |  2.9
Armour         | 3 |  3.0
Fighting       | |  3.4
Dodging        | |  0.6

Action                   |  1- 3 |  4- 6 || total
-------------------------+-------+-------++-------
Melee: Trident           |   138 |    49 ||   187
  Use: Potion            |     1 |       ||     1
  Eat: Chunk             |     1 |     1 ||     2
Armor: Scale mail        |    73 |    18 ||    91
Dodge: Dodged            |    41 |    11 ||    52
Block: Shield            |    90 |    24 ||   114
